 Dungeon Crawl Stone Soup version 0.20-a0-463-g5747544 (webtiles) character file.

88 pib the Shooter (level 4, 22/39 HPs)
             Began as a Draconian Hunter on Jan 10, 2017.
             Got out of the dungeon alive.
             The game lasted 00:08:00 (3265 turns).

pib the Shooter (Draconian Hunter)                  Turns: 3265, Time: 00:08:01

Health: 22/39      AC:  5    Str: 15    XL:     4   Next: 30%
Magic:  4/4        EV: 12    Int: 11    God:
Gold:   153        SH:  0    Dex: 12    Spells: 3/3 levels left

rFire  . . .     SeeInvis .     a - +1 shortbow
rCold  . . .     Gourm    .     (armour unavailable)
rNeg   . . .     Faith    .     (shield currently unavailable)
rPois  .         Spirit   .     (helmet restricted)
rElec  .         Reflect  .     (no cloak)
rCorr  .         Harm     .     (no gloves)
MR     .....                    (no boots)
Stlth  +.........               (no amulet)
                                (no ring)
                                (no ring)

@: no status effects
A: unfitting armour, cold-blooded, AC +5
a: no special abilities


You escaped.
You were very hungry.

You visited 1 branch of the dungeon, and saw 3 of its levels.

You collected 153 gold pieces.

Inventory:

Hand Weapons
 a - a +1 shortbow (weapon)
 b - a +0 short sword
 d - a +0 blowgun
 j - a +1 short sword of speed
Missiles
 c - 15 arrows (quivered)
Armour
 h - a +0 ring mail
Jewellery
 u - a cursed -3 ring of evasion {unknown}
Scrolls
 g - a scroll of teleportation
 l - 3 scrolls of remove curse {unknown}
 n - a scroll of immolation {unknown}
 p - 2 scrolls of identify {unknown}
 r - a scroll of enchant weapon {unknown}
Potions
 e - a potion of mutation {unknown}
 f - a potion of magic {unknown}
 i - 2 potions of lignification {unknown}
 k - 2 potions of heal wounds {unknown}
 m - a potion of brilliance {unknown}
 q - a potion of flight {unknown}
 t - a potion of berserk rage {unknown}
Comestibles
 o - a meat ration
 s - a beef jerky
 v - a bread ration


   Skills:
 + Level 3.6 Fighting
 + Level 4.3 Bows
 - Level 2.4 Dodging
 - Level 0.8 Stealth


You had 3 spell levels left.
You didn't know any spells.

Dungeon Overview and Level Annotations

Branches:
Dungeon (3/15)

Altars:

Annotations:
D:2 Sigmund
D:3 stickyfingers's ghost, amateur TeEn


Innate Abilities, Weirdness & Mutations

Your plain brown scales are hard. (AC +5)
You cannot fit into any form of body armour.
You are cold-blooded and may be slowed by cold attacks.


Message History

The adder barely misses you.
A kobold comes into view.
The adder bites you but does no damage.
Your surroundings suddenly seem different.
You see here a spear.
There is a stone staircase leading up here.
There is a stone staircase leading up here.
You climb upwards.
There is a stone staircase leading down here.
Welcome back, pib the Draconian Hunter.
Press ? for a list of commands and other information.
Unknown command.
Unknown command.
Unknown command.
Unknown command.
Enter note: quit
There is an open door here.
There is a staircase leading out of the dungeon here.
Are you sure you want to leave the Dungeon?
This will make you lose the game!
You have escaped!

####.....##.# #...#
#####.# #.....##.#
###...### #......
###.####.# #.......#
#####.#
#......####.......####
#.#
######.#.............#
#.# #.'......⌠......#
#.# #.#.............#
#.#
######.####.......####
#.. #......# #@......#
### #.###### ###...###
#.### #...# #...#
#...# ###.# ###+#####
#.# #.#.# #.# ######
#.# #...# #.# .....#
#.# #.### #.#####
####.# #.# #.#
#.....##


There were no monsters in sight!

Vanquished Creatures
  2 adders (D:2)
  2 worms (D:3)
  A dart slug (D:3)
  2 leopard geckos (D:2)
  2 orcs (D:3)
  5 bats
  3 giant cockroaches
  7 hobgoblins
  6 jackals
  3 quokkas
  5 frilled lizards
  4 goblins
  4 kobolds
  12 rats
58 creatures vanquished.

Notes
Turn   | Place    | Note
-------+----------+-------------------------------------------
     0 | D:1      | pib the Draconian Hunter began the quest for the Orb.
     0 | D:1      | Reached XP level 1. HP: 17/17 MP: 1/1
   295 | D:1      | Reached XP level 2. HP: 20/25 MP: 2/2
  1099 | D:2      | Found a faded altar of an unknown god.
  1108 | D:2      | Reached XP level 3. HP: 27/31 MP: 3/3
  1349 | D:2      | Reached skill level 4 in Bows
  1641 | D:2      | Noticed Sigmund
  2163 | D:3      | Noticed stickyfingers's ghost (amateur TeEn)
  2243 | D:3      | Reached XP level 4. HP: 14/38 MP: 4/4
  3246 | D:1      | quit
  3265 | D:$      | Got out of the dungeon alive.

Vault maps used:
D:1:      minmay_arrival_cross, minmay_large_rounded_square,
          serial_bayou_crossing
D:2:      chequers_ecumenical_altar_simple_redux, serial_glass, glass_columns_a,
          glass_columns_a, glass_columns_b, glass_columns_a, glass_columns_c,
          hex_intersection, kennysheep_generic_room_8, uniq_sigmund
D:3:      first_bread

Skill      XL: |  1  2  3 |
---------------+----------+-----
Dodging        | 2 |  2.4
Fighting       | 3 |  3.6
Bows           | 4 |  4.3
Stealth        | |  0.8

Action                   |  1- 3 |  4- 6 || total
-------------------------+-------+-------++-------
Melee: Short sword       |   187 |    33 ||   220
       Tailslap          |    16 |     2 ||    18
 Fire: Shortbow          |       |    19 ||    19
  Use: Scroll            |     1 |     1 ||     2
 Stab: Sleeping          |     4 |       ||     4
  Eat: Chunk             |     2 |       ||     2
       Bread ration      |     1 |       ||     1
Armor: Skin              |    55 |     8 ||    63
Dodge: Dodged            |   150 |    22 ||   172
